 Dungeon Crawl Stone Soup version 0.27.0-1-g7a089689b8 (webtiles) character file.

Game seed: 4616615659356325075

116 garrulousMonolith the Digger (level 5, -5/29 HPs)
             Began as a Gargoyle Earth Elementalist on Aug 14, 2021.
             Slain by Terence (11 damage)
             ... on level 2 of the Dungeon.
             The game lasted 00:03:04 (2174 turns).

garrulousMonolith the Digger (GrEE)                 Turns: 2174, Time: 00:03:04

Health: -5/29      AC:  7    Str: 11    XL:     5   Next: 1%
Magic:  3/8        EV: 11    Int: 17    God:
Gold:   54         SH:  0    Dex: 10    Spells: 3/9 levels left

rFire    . . .     SeeInvis .   e - +0 dagger
rCold    . . .     Faith    .   (no shield)
rNeg     + . .     Spirit   .   h - +0 leather armour
rPois    ∞         Reflect  .   (no helmet)
rElec    +         Harm     .   (no cloak)
rCorr    .         Rampage  .   (no gloves)
Will     .....                  (no boots)
Stlth    ++........             (no amulet)
HPRegen  0.09/turn              (no ring)
MPRegen  0.11/turn              (no ring)

@: no status effects
A: sickness immunity, AC +4, negative energy resistance 1, electricity
resistance, torment resistance 1, petrification resistance
a: no special abilities


You were on level 2 of the Dungeon.
You visited 1 branch of the dungeon, and saw 3 of its levels.

You collected 54 gold pieces.

Inventory:

Hand Weapons
 a - a +0 spear
 b - a +0 hand axe
 e - a +0 dagger (weapon)
 j - a +0 whip
Missiles
 c - 4 stones
Armour
 h - a +0 leather armour (worn)
Magical Staves
 d - a staff of cold
Jewellery
 m - a ring of willpower
Scrolls
 f - a scroll of noise {unknown}
 g - a scroll of acquirement {unknown}
 i - a scroll of blinking {unknown}
 l - a scroll of torment {unknown}
 n - a scroll of magic mapping {unknown}
Potions
 k - a potion of flight
 o - a potion of brilliance {unknown}
 p - a potion of might {unknown}


   Skills:
 + Level 1.0 Fighting
 + Level 2.2 Dodging
 - Level 2.7 Stealth
 + Level 2.5 Spellcasting
 * Level 1.7 Conjurations
 - Level 1.2 Transmutations
 * Level 4.5 Earth Magic


You had 3 spell levels left.
You knew the following spells:

 Your Spells              Type           Power      Damage    Failure   Level
a - Sandblast             Erth           34%        2d9       3%          1
b - Stone Arrow           Conj/Erth      24%        3d8       21%         3
c - Passwall              Tmut/Erth      9%         N/A       11%         2

Your spell library contained the following spells:

 Spells                   Type           Power      Damage    Failure   Level
 Petrify                  Tmut/Erth      11%        N/A       58%         4


Dungeon Overview and Level Annotations

Branches:
Dungeon (3/15)

Altars:

Annotations:
D:2 Terence


Innate Abilities, Weirdness & Mutations

You are immune to sickness and miasma.
Your stone body is resilient. (AC +4)
You are immune to poison.
You resist negative energy. (rN+)
You are resistant to electric shocks. (rElec)
You are resistant to unholy torment.
You are immune to petrification.


Message History

Terence is moderately wounded.
Terence closely misses you.
Casting: Sandblast (safe; 3% risk of failure)
Confirm with . or Enter, or press ? or * to list all spells.
Aiming: Sandblast (safe; 3% risk of failure)
Press: ? - help, Shift-Dir - straight line, f/p - Terence
Aim: Terence, wielding a +0 flail and wearing a +0 scale mail (moderately wounded, 82% to hit)
The blast of sand hits Terence but does no damage.
Terence is moderately wounded.
Terence hits you with a +0 flail.
Casting: Sandblast (safe; 3% risk of failure)
Confirm with . or Enter, or press ? or * to list all spells.
Aiming: Sandblast (safe; 3% risk of failure)
Press: ? - help, Shift-Dir - straight line, f/p - Terence
Aim: Terence, wielding a +0 flail and wearing a +0 scale mail (moderately wounded, 82% to hit)
The blast of sand hits Terence.
Terence is moderately wounded.
Terence misses you.
Casting: Sandblast (safe; 3% risk of failure)
Confirm with . or Enter, or press ? or * to list all spells.
Aiming: Sandblast (safe; 3% risk of failure)
Press: ? - help, Shift-Dir - straight line, f/p - Terence
Aim: Terence, wielding a +0 flail and wearing a +0 scale mail (moderately wounded, 82% to hit)
The blast of sand hits Terence.
Terence is heavily wounded.
Terence hits you with a +0 flail!
* * * LOW HITPOINT WARNING * * *
You hit Terence.
Terence is heavily wounded.
Terence closely misses you.
You barely miss Terence.
Terence is heavily wounded.
Terence barely misses you.
You hit Terence but do no damage.
Terence is heavily wounded.
Terence closely misses you.
You hit Terence but do no damage.
Terence is heavily wounded.
Terence hits you with a +0 flail!
You die...

#...# #.......# #..... ###.#
#.......# #.#.## #.# #.......#
#.#.## #.# #.......# #.#..#
#.#####.....## #.##.#
#...........# #.##.#
#.#####.....####..... ##
#########.#####.....#...###.# .#
#.......#...@#######........#
.####.#####.#.##@............####
......#####.#.........##.........
.###.....##.#########.###....####
.# ##.##.##.# #.# ####.##.# .#
#......)# ##.## #.#.#. ##
#.......## #...# #.##.#
#.##.##..## #...# #.##..
#.##......# #...# #.....


You could see Terence.

Vanquished Creatures
  Natasha (twice) (D:2)
  2 adders (D:2)
  A worm (D:2)
  A dart slug (D:1)
  3 bats
  4 endoplasms
  2 giant cockroaches (D:1)
  A hobgoblin (D:1)
  10 jackals
  7 kobolds
  A quokka (D:1)
  2 ball pythons (D:1)
  3 frilled lizards
  2 goblins
  2 rats (D:1)
43 creatures vanquished.

Notes
Turn   | Place    | Note
-------+----------+-------------------------------------------
     0 | D:1      | garrulousMonolith the Gargoyle Earth Elementalist began the
                  | quest for the Orb.
     0 | D:1      | Reached XP level 1. HP: 10/10 MP: 3/3
   211 | D:1      | Reached skill level 1 in Transmutations
   211 | D:1      | Reached XP level 2. HP: 6/15 MP: 0/5
   806 | D:1      | Reached XP level 3. HP: 14/19 MP: 3/6
   808 | D:1      | Reached skill level 4 in Earth Magic
   942 | D:1      | Learned a level 2 spell: Passwall
   946 | D:1      | Learned a level 3 spell: Stone Arrow
   955 | D:1      | Found a faded altar of an unknown god.
  1659 | D:2      | Reached skill level 1 in Conjurations
  1709 | D:2      | Reached XP level 4. HP: 24/24 MP: 5/7
  1742 | D:2      | Noticed Natasha
  1754 | D:2      | Killed Natasha
  2039 | D:2      | Noticed Natasha
  2045 | D:2      | Killed Natasha
  2046 | D:2      | Reached skill level 1 in Fighting
  2046 | D:2      | Reached XP level 5. HP: 26/29 MP: 6/8
  2156 | D:3      | Noticed Terence
  2174 | D:2      | Slain by Terence

Illustrated notes

Levels and vault maps discovered:
D:1:      dpeg_chamrin_arrival_tetris, layout_loops_ring,
          ebering_ecumenical_altar_petrified
D:2:      layout_loops_cross, uniq_natasha
D:3:      layout_basic, uniq_terence

Skill      XL: |  1  2  3  4 |
---------------+-------------+-----
Transmutations | 1 |  1.2
Earth Magic    | 4 |  4.5
Dodging        | 2 |  2.2
Conjurations   | 1 |  1.7
Fighting       | 1 |  1.0
Stealth        | |  2.7
Spellcasting   | |  2.5

Action                   |  1- 3 |  4- 6 || total
-------------------------+-------+-------++-------
Melee: Spear             |    20 |       ||    20
       Dagger            |    35 |    11 ||    46
 Cast: Sandblast         |    40 |    14 ||    54
  Use: Potion            |       |     1 ||     1
Armor: Robe              |    15 |       ||    15
       Leather armour    |    10 |     3 ||    13
Dodge: Dodged            |    44 |    14 ||    58
